MLB
SAN DIEGO PADRES @ NEW YORK METS
07/10/2039
 
TOP OF THE 1ST
San Diego Padres batting - Pitching for New York Mets : RHP Andrew Dalquist
Pitching: RHP Andrew Dalquist
Batting: RHB Chris Gaboriault 0-0: Fly out, F8 (Flyball, 8RXD, EV 99.4 MPH)
Batting: RHB Andy Parrish 0-0: Called Strike
0-1: Ground out 1-3 (Groundball, 15S, EV 69.4 MPH)
Batting: LHB Mike Medeiros 0-0: Called Strike
0-1: Foul Ball, location: 2F
0-2: Ball
1-2: Foul Ball, location: 3FF
1-2: Ball
2-2: Ball
3-2: Base on Balls
Batting: RHB Juan Arras 0-0: Called Strike
0-1: Ball
1-1: Fly out, F3 (Popup, 3S, EV 76.9 MPH)
Top of the 1st over - 0 runs, 0 hits, 0 errors, 1 left on base; San Diego 0 - New York 0
BOTTOM OF THE 1ST
New York Mets batting - Pitching for San Diego Padres : RHP Jason Cammon
Pitching: RHP Jason Cammon
Batting: RHB Jean-Christophe Rausa 0-0: Foul Ball, location: 2F
0-1: SINGLE (Popup, 4D, EV 61.9 MPH)
Batting: LHB D.J. Winger 0-0: Called Strike
0-1: Foul Ball, location: 2F
0-2: Ball
1-2: Hit by Pitch
Jean-Christophe Rausa to second
Batting: RHB Billy Ruiz 0-0: Foul Ball, location: 5F
0-1: Foul Ball, location: 2F
0-2: Ball
1-2: SINGLE (Groundball, 56D, EV 100.6 MPH)
Jean-Christophe Rausa to third
D.J. Winger to second
Runner from 3rd tries for Home, SAFE, throw by LF to home
Batting: LHB Kruise Newman 0-0: Ball
1-0: Foul Ball, location: 3F
1-1: Foul Ball, location: 23F
1-2: Ball
2-2: Ball
3-2: Foul Ball, location: 7LMF
3-2: Fly out, F9 (Flyball, 9D, EV 97.5 MPH)
Runner from 2nd tags up, SAFE at 3rd, no throw by RF
Batting: RHB Ben Long 0-0: Ball
1-0: Ball
2-0: Fly out, F9 (Flyball, 89S, EV 92.5 MPH)
Batting: LHB Luis Hinojosa 0-0: Ball
1-0: Ball
2-0: Ball
3-0: Base on Balls
Billy Ruiz to second
Batting: RHB Danny Alfaro 0-0: Ball
1-0: Foul Ball, location: 9LMF
1-1: Ball
2-1: Ball
3-1: Called Strike
3-2: Foul Ball, location: 7LMF
3-2: Strikes out swinging
Bottom of the 1st over - 1 run, 2 hits, 0 errors, 3 left on base; San Diego 0 - New York 1
TOP OF THE 2ND
San Diego Padres batting - Pitching for New York Mets : RHP Andrew Dalquist
Batting: RHB Dan Knight 0-0: Ball
1-0: Foul Ball, location: 2F
1-1: Ball
2-1: Ball
3-1: Called Strike
3-2: Ground out 4-3 (Groundball, 4, EV 98.8 MPH)
Batting: LHB Melvin Adame 0-0: Swinging Strike
0-1: Swinging Strike
0-2: Strikes out swinging
Batting: RHB Christian Hamilton 0-0: Swinging Strike
0-1: Ball
1-1: Called Strike
1-2: Ball
2-2: Fly out, F3 (Popup, 34, EV 65.6 MPH)
Top of the 2nd over - 0 runs, 0 hits, 0 errors, 0 left on base; San Diego 0 - New York 1
BOTTOM OF THE 2ND
New York Mets batting - Pitching for San Diego Padres : RHP Jason Cammon
Batting: LHB Bobby Aycock 0-0: Fly out, F9 (Flyball, 9, EV 78.1 MPH)
Batting: RHB Arturo Ayala 0-0: Called Strike
0-1: Called Strike
0-2: Ball
1-2: DOUBLE (Flyball, 89XD, EV 91.9 MPH)
Batting: RHB Jean-Christophe Rausa 0-0: Called Strike
0-1: Fly out, F2 (Popup, 23F, EV 86.3 MPH)
Batting: LHB D.J. Winger 0-0: Ball
1-0: Called Strike
1-1: Swinging Strike
1-2: Foul Ball, location: 23F
1-2: Foul Ball, location: 7LDF
1-2: Foul Ball, location: 3SF
1-2: Foul Ball, location: 7LSF
1-2: Ground out U3 (Groundball, 3, EV 106.9 MPH)
Bottom of the 2nd over - 0 runs, 1 hit, 0 errors, 1 left on base; San Diego 0 - New York 1
TOP OF THE 3RD
San Diego Padres batting - Pitching for New York Mets : RHP Andrew Dalquist
Batting: LHB Zach Kovacs 0-0: SINGLE (Groundball, 6D, EV 93.8 MPH)
Batting: SHB Andy Reynolds 0-0: Ball
1-0: Bunted foul
1-1: Reached on error, E5 (Groundball, 25, EV 0.0 MPH)
Zach Kovacs to second
Batting: RHB Chris Gaboriault 0-0: Sac Bunt to 13S - play at first, batter OUT! 1-3
Zach Kovacs to third
Andy Reynolds to second
Batting: RHB Andy Parrish 0-0: Called Strike
0-1: Ball
1-1: Foul Ball, location: 9LSF
1-2: Ball
2-2: Fly out, F9 (Flyball, 89D, EV 94.4 MPH)
Runner from 3rd tags up, OUT at HOME! 9-2
Top of the 3rd over - 0 runs, 1 hit, 1 error, 1 left on base; San Diego 0 - New York 1
BOTTOM OF THE 3RD
New York Mets batting - Pitching for San Diego Padres : RHP Jason Cammon
Batting: RHB Billy Ruiz 0-0: Ball
1-0: Ball
2-0: Called Strike
2-1: Foul Ball, location: 2F
2-2: Strikes out swinging
Batting: LHB Kruise Newman 0-0: Called Strike
0-1: Ball
1-1: Foul Ball, location: 7LSF
1-2: Foul Ball, location: 2F
1-2: Fly out, F8 (Flyball, 8RXD, EV 84.4 MPH)
Batting: RHB Ben Long 0-0: Called Strike
0-1: DOUBLE (Line Drive, 89M, EV 99.4 MPH)
Batting: LHB Luis Hinojosa 0-0: Called Strike
0-1: Called Strike
0-2: Ball
1-2: Fly out, F8 (Flyball, 8RS, EV 90.0 MPH)
Bottom of the 3rd over - 0 runs, 1 hit, 0 errors, 1 left on base; San Diego 0 - New York 1
TOP OF THE 4TH
San Diego Padres batting - Pitching for New York Mets : RHP Andrew Dalquist
Batting: LHB Mike Medeiros 0-0: Ball
1-0: Swinging Strike
1-1: Foul Ball, location: 2F
1-2: Fly out, F6 (Popup, 6D, EV 64.4 MPH)
Batting: RHB Juan Arras 0-0: Ball
1-0: Foul Ball, location: 5F
1-1: DOUBLE (Line Drive, 78M, EV 91.3 MPH)
Batting: RHB Dan Knight 0-0: Swinging Strike
0-1: Fly out, F9 (Flyball, 89M, EV 86.9 MPH)
Batting: LHB Melvin Adame 0-0: Foul Ball, location: 2F
0-1: Ground out 6-3 (Groundball, 6M, EV 81.3 MPH)
Top of the 4th over - 0 runs, 1 hit, 0 errors, 1 left on base; San Diego 0 - New York 1
BOTTOM OF THE 4TH
New York Mets batting - Pitching for San Diego Padres : RHP Jason Cammon
Batting: RHB Danny Alfaro 0-0: Called Strike
0-1: Ball
1-1: Fly out, F3 (Line Drive, 3, EV 73.8 MPH)
Batting: LHB Bobby Aycock 0-0: Ball
1-0: Foul Ball, location: 7LMF
1-1: Fly out, F7 (Flyball, 7, EV 91.9 MPH)
Batting: RHB Arturo Ayala 0-0: SOLO HOME RUN (Flyball, 9D, EV 97.5 MPH), Distance : 388 ft
Batting: RHB Jean-Christophe Rausa 0-0: Fly out, F6 (Line Drive, 6, EV 73.1 MPH)
Bottom of the 4th over - 1 run, 1 hit, 0 errors, 0 left on base; San Diego 0 - New York 2
TOP OF THE 5TH
San Diego Padres batting - Pitching for New York Mets : RHP Andrew Dalquist
Batting: RHB Christian Hamilton 0-0: Ball
1-0: Foul Ball, location: 2F
1-1: Foul Ball, location: 2F
1-2: Fly out, F8 (Flyball, 8RXD, EV 107.5 MPH)
Batting: LHB Zach Kovacs 0-0: Foul Ball, location: 2F
0-1: Ball
1-1: Called Strike
1-2: Ground out 3-1 (Groundball, 13, EV 88.8 MPH)
Batting: SHB Andy Reynolds 0-0: Ball
1-0: Foul Ball, location: 9LMF
1-1: Foul Ball, location: 25F
1-2: Foul Ball, location: 5F
1-2: Ball
2-2: Fly out, F9 (Flyball, 89M, EV 86.3 MPH)
Top of the 5th over - 0 runs, 0 hits, 0 errors, 0 left on base; San Diego 0 - New York 2
BOTTOM OF THE 5TH
New York Mets batting - Pitching for San Diego Padres : RHP Jason Cammon
Batting: LHB D.J. Winger 0-0: Ball
1-0: Ball
2-0: Ball
3-0: Base on Balls
Batting: RHB Billy Ruiz 0-0: Fly out, F8 (Flyball, 8RD, EV 104.4 MPH)
Batting: LHB Kruise Newman 0-0: Swinging Strike
0-1: Foul Ball, location: 2F
0-2: Ball
1-2: Foul Ball, location: 7LSF
1-2: Reached on error, E3 (Groundball, 34, EV 107.5 MPH)
D.J. Winger to second
Batting: RHB Ben Long 0-0: Foul Ball, location: 3F
0-1: Ball
1-1: Ball
2-1: Foul Ball, location: 2F
2-2: Foul Ball, location: 2F
2-2: Fly out, F6 (Popup, 6, EV 63.8 MPH)
Batting: LHB Luis Hinojosa 0-0: Called Strike
0-1: Ball
1-1: Ball
2-1: Foul Ball, location: 2F
2-2: Ball
3-2: Fly out, F6 (Flyball, 6D, EV 91.9 MPH)
Bottom of the 5th over - 0 runs, 0 hits, 1 error, 2 left on base; San Diego 0 - New York 2
TOP OF THE 6TH
San Diego Padres batting - Pitching for New York Mets : RHP Andrew Dalquist
Batting: RHB Chris Gaboriault 0-0: Called Strike
0-1: Ball
1-1: Ball
2-1: Called Strike
2-2: Ball
3-2: Foul Ball, location: 9LMFF
3-2: Base on Balls
Batting: RHB Andy Parrish 0-0: Ball
1-0: Ball
2-0: Fielders Choice at 2nd, 1-4 (Groundball, P, EV 72.5 MPH)
Batting: LHB Mike Medeiros 0-0: Ball
1-0: Ball
2-0: Ball
3-0: Base on Balls
Andy Parrish to second
Batting: RHB Juan Arras 0-0: Ball
1-0: Fly out, F9 (Flyball, 9LS, EV 88.1 MPH)
Batting: RHB Dan Knight 0-0: Foul Ball, location: 7LSF
0-1: Swinging Strike
0-2: Ball
1-2: Fly out, F5 (Popup, 5L, EV 63.8 MPH)
Top of the 6th over - 0 runs, 0 hits, 0 errors, 2 left on base; San Diego 0 - New York 2
BOTTOM OF THE 6TH
New York Mets batting - Pitching for San Diego Padres : RHP Jason Cammon
Pitching: RHP Nate Cantrell
Batting: RHB Danny Alfaro 0-0: Fly out, F9 (Line Drive, 89M, EV 88.8 MPH)
Batting: LHB Bobby Aycock 0-0: Swinging Strike
0-1: DOUBLE (Line Drive, 7LS, EV 94.4 MPH)
Batting: RHB Arturo Ayala 0-0: Ball
1-0: Called Strike
1-1: Foul Ball, location: 9LMF
1-2: Strikes out swinging
Batting: RHB Jean-Christophe Rausa 0-0: Ball
1-0: Ball
2-0: Called Strike
2-1: Ball
3-1: Base on Balls
Batting: LHB D.J. Winger 0-0: Ground out 4-3 (Groundball, 4D, EV 88.1 MPH)
Bottom of the 6th over - 0 runs, 1 hit, 0 errors, 2 left on base; San Diego 0 - New York 2
TOP OF THE 7TH
San Diego Padres batting - Pitching for New York Mets : RHP Andrew Dalquist
Pitching: LHP Larry Ashford
Batting: LHB Melvin Adame 0-0: Ball
1-0: Ball
2-0: Ball
3-0: Called Strike
3-1: Ground out 6-3 (Groundball, 4MD, EV 98.1 MPH)
Batting: RHB Christian Hamilton 0-0: Ball
1-0: Ball
2-0: Ball
3-0: Base on Balls
Batting: LHB Zach Kovacs 0-0: Ball
1-0: Ball
Wild Pitch!
Christian Hamilton to second
2-0: Called Strike
2-1: Swinging Strike
2-2: Foul Ball, location: 2F
2-2: Strikes out swinging
Pitching: LHP Brandon Barriera
Batting: SHB Andy Reynolds 0-0: Called Strike
0-1: Ball
1-1: Called Strike
1-2: Foul Ball, location: 25F
1-2: Fly out, F8 (Flyball, 8LD, EV 91.3 MPH)
Top of the 7th over - 0 runs, 0 hits, 0 errors, 1 left on base; San Diego 0 - New York 2
BOTTOM OF THE 7TH
New York Mets batting - Pitching for San Diego Padres : RHP Nate Cantrell
Batting: RHB Billy Ruiz 0-0: Foul Ball, location: 3F
0-1: Foul Ball, location: 3F
0-2: Foul Ball, location: 2F
0-2: Foul Ball, location: 3F
0-2: Foul Ball, location: 2LF
0-2: Foul Ball, location: 5FF
0-2: Strikes out looking
Batting: LHB Kruise Newman 0-0: Ball
1-0: Called Strike
1-1: Foul Ball, location: 2F
1-2: Ground out 4-3 (Groundball, 4, EV 88.8 MPH)
Batting: RHB Ben Long 0-0: Swinging Strike
0-1: Ball
1-1: Foul Ball, location: 9LSF
1-2: DOUBLE (Line Drive, 78D, EV 107.5 MPH)
Batting: LHB Luis Hinojosa 0-0: Ball
1-0: Ball
2-0: Called Strike
2-1: Called Strike
2-2: Fly out, F7 (Flyball, 78S, EV 86.3 MPH)
Bottom of the 7th over - 0 runs, 1 hit, 0 errors, 1 left on base; San Diego 0 - New York 2
TOP OF THE 8TH
San Diego Padres batting - Pitching for New York Mets : LHP Brandon Barriera
Now at 1B: Jean-Christophe Rausa
Now at 2B: Dan Smick
Now at 3B: Billy Ruiz
Now in LF: Bobby Aycock
Now in CF: Zion Bannister
Batting: RHB Chris Gaboriault 0-0: Ball
1-0: Ball
2-0: Fly out, F7 (Flyball, 7LS, EV 76.9 MPH)
Batting: RHB Andy Parrish 0-0: Called Strike
0-1: Swinging Strike
0-2: Foul Ball, location: 25FF
0-2: Ball
1-2: Foul Ball, location: 2LF
1-2: Ball
2-2: Foul Ball, location: 2F
2-2: Foul Ball, location: 2F
2-2: Ball
3-2: Fly out, F7 (Line Drive, 78M, EV 99.4 MPH)
Batting: LHB Mike Medeiros 0-0: Fly out, F7 (Flyball, 7, EV 95.0 MPH)
Top of the 8th over - 0 runs, 0 hits, 0 errors, 0 left on base; San Diego 0 - New York 2
BOTTOM OF THE 8TH
New York Mets batting - Pitching for San Diego Padres : RHP Nate Cantrell
Pitching: RHP David Gauna
Batting: RHB Danny Alfaro 0-0: Ball
1-0: Ground out 5-3 (Groundball, 56, EV 90.6 MPH)
Batting: LHB Bobby Aycock 0-0: Ball
1-0: Ball
2-0: Called Strike
2-1: Ball
3-1: Foul Ball, location: 25F
3-2: Base on Balls
Batting: RHB Arturo Ayala 0-0: Foul Ball, location: 2F
0-1: Foul Ball, location: 9LMF
0-2: Foul Ball, location: 2F
0-2: Strikes out swinging
Batting: RHB Jean-Christophe Rausa 0-0: Foul Ball, location: 5F
0-1: Ball
1-1: Foul Ball, location: 25FF
1-2: Fielders Choice at 2nd, 5-4 (Groundball, 56, EV 111.3 MPH)
Bottom of the 8th over - 0 runs, 0 hits, 0 errors, 1 left on base; San Diego 0 - New York 2
TOP OF THE 9TH
San Diego Padres batting - Pitching for New York Mets : LHP Brandon Barriera
Batting: RHB Juan Arras 0-0: Ground out 6-3 (Groundball, 56, EV 100.0 MPH)
Batting: RHB Dan Knight 0-0: Ball
1-0: Ball
2-0: Called Strike
2-1: Ball
3-1: Base on Balls
Batting: LHB Melvin Adame 0-0: Ball
1-0: Swinging Strike
1-1: Ball
2-1: Called Strike
2-2: Foul Ball, location: 2F
2-2: Foul Ball, location: 2F
2-2: Fly out, F8 (Flyball, 8RXD, EV 110.0 MPH)
Pitching: RHP Vinny Yanez
Batting: RHB Christian Hamilton 0-0: Called Strike
0-1: Hit by Pitch
Dan Knight to second
Batting: LHB Zach Kovacs 0-0: Fly out, F7 (Line Drive, 78M, EV 99.4 MPH)
Top of the 9th over - 0 runs, 0 hits, 0 errors, 2 left on base; San Diego 0 - New York 2
Sunday, April 7th , 2024 - OOTP Baseball 24.10 Build 82